 Dungeon Crawl Stone Soup version 0.15-a0-1472-ge546950 (webtiles) character file.

208 Crauler the Insei (level 5, 0/34 HPs)
             Began as an Octopode Transmuter on June 13, 2014.
             Killed by divine providence
             ... invoked by an orc priest
              (12 damage)
             ... on Level 4 of the Dungeon.
             The game lasted 00:08:56 (3492 turns).

Crauler the Insei (Octopode Transmuter)             Turns: 3492, Time: 00:08:56

HP   0/34        AC  1     Str  9      XL: 5   Next: 86%
MP  18/18        EV 12     Int 16      God:
Gold 97          SH  4     Dex 13      Spells:  2 memorised,  5 levels left

rFire  . . .     SeeInvis .       - Unarmed
rCold  . . .     Clarity  .     n - +1 buckler
rNeg   . . .     rCorr    .     (helmet restricted)
rPois  .         rRot     .     (no amulet)
rElec  .         Spirit   .     b - ring of magical power
SustAb +         Warding  .     h - ring of sustain abilities
rMut   .         Stasis   .     (no ring)
Gourm  .                        (no ring)
MR     .....                    (no ring)
                                (no ring)
                                (no ring)
                                (no ring)

@: not resistant to hostile enchantments, fairly stealthy
A: almost no armour, amphibious, 8 rings, constrict 8, camouflage 1, gelatinous
body 1
a: no special abilities


You were on level 4 of the Dungeon.
You were not hungry.

You visited 1 branch of the dungeon, and saw 4 of its levels.

You collected 97 gold pieces.

Inventory:

Missiles
 l - 6 javelins of returning (quivered)
Armour
 n - a +1 buckler (worn)
Comestibles
 a - 3 bread rations
 j - a beef jerky
 m - 2 fruits
 o - 3 chunks of orc flesh
Scrolls
 c - 9 scrolls of identify
 e - 6 scrolls of remove curse
 f - 4 scrolls of fear {unknown}
 g - a scroll of random uselessness {unknown}
 i - 3 scrolls of teleportation {unknown}
Jewellery
 b - a ring of magical power (left tentacle)
 h - a ring of sustain abilities (right tentacle)
Potions
 k - a potion of curing {unknown}
Books
 d - a book of Changes

   Spells                             Type                      Level
   *Beastly Appendage                 Transmutation                1
   Sticks to Snakes                   Transmutation                2
   *Spider Form                       Transmutation/Poison         3
   Ice Form                           Ice/Transmutation            4
   Blade Hands                        Transmutation                5


   Skills:
 + Level 2.0 Fighting
 * Level 3.4 Dodging
 + Level 2.4 Stealth
 * Level 3.9 Unarmed Combat
 + Level 2.7 Spellcasting
 * Level 2.8 Transmutations


You had 5 spell levels left.
You knew the following spells:

 Your Spells              Type           Power        Failure   Level  Hunger
a - Beastly Appendage     Trmt           ##....       10%         1    #......
b - Spider Form           Trmt/Pois      #.........   38%         3    ###....


Dungeon Overview and Level Annotations

Branches:
Dungeon (4/15)
 Temple: D:4-7

Altars:

Annotations:
D:3 Grinder


Innate Abilities, Weirdness & Mutations

You cannot wear most types of armour.
You are amphibious.
You can wear up to eight rings at the same time.*
You can use your tentacles to constrict many enemies at once.*
Your skin changes colour to match your surroundings (Stealth).*
Your rubbery body absorbs attacks (AC +1).*


Message History

You tentacle-slap the orc priest but do no damage.
You grab the orc priest.
You constrict the orc priest, but do no damage.
The orc hits you with a flail.
The orc priest hits you with a morningstar!
You tentacle-slap the orc priest. You squeeze the orc priest!
The orc priest is severely wounded.
You constrict the orc priest.
The orc priest hits you with a morningstar.
You tentacle-slap the orc priest but do no damage.
The orc priest is almost dead.
You constrict the orc priest, but do no damage.
The orc hits you with a flail. You block the orc priest's attack.
You block the orc's attack.
You tentacle-slap the orc priest but do no damage.
The orc priest is almost dead.
You constrict the orc priest. The orc barely misses you.
The orc priest mumbles some strange prayers to Beogh against you.
Something smites you!
You die...

. .## .. .. .#
###.# .o.######
#.#####ooK....#
#.....o@#
#######<# #.#
... #####


You could see 2 orc priests, 2 orcs and a kobold.

Vanquished Creatures
  A goliath beetle (D:3)
  Terence (D:2)
  8 adders
  A giant mite (D:3)
  3 worms
  A giant gecko (D:3)
  2 orcs
  2 bats
  3 giant cockroaches
  8 goblins
  5 hobgoblins
  9 jackals
  3 kobolds
  3 quokkas
  A ball python (D:3)
  5 giant newts
  7 rats
63 creatures vanquished.

Notes
Turn   | Place    | Note
--------------------------------------------------------------
     0 | D:1      | Crauler, the Octopode Transmuter, began the quest for the Orb.
     0 | D:1      | Reached XP level 1. HP: 13/13 MP: 3/3
   200 | D:1      | Reached XP level 2. HP: 13/18 MP: 4/4
   673 | D:2      | Reached skill level 1 in Stealth
   673 | D:2      | Reached XP level 3. HP: 19/23 MP: 6/6
  1531 | D:2      | Noticed Terence
  1541 | D:2      | Learned a level 3 spell: Spider Form
  1558 | D:2      | Killed Terence
  1558 | D:2      | Reached XP level 4. HP: 8/28 MP: 8/8
  2414 | D:3      | Noticed Grinder
  2463 | D:3      | Reached XP level 5. HP: 15/33 MP: 9/9
  3492 | D:4      | Killed from afar by an orc priest

Action                   |  1- 3 |  4- 6 || total
-------------------------+-------+-------++-------
Melee: Unarmed           |    76 |   107 ||   183
 Cast: Beastly Appendage |     2 |       ||     2
       Spider Form       |     1 |     1 ||     2
  Use: Scroll            |     5 |       ||     5
       Potion            |     3 |     1 ||     4
 Stab: Sleeping          |     3 |    10 ||    13
       Distracted        |       |     2 ||     2
